 Dungeon Crawl Stone Soup version 0.23.0 (webtiles) character file.

Game seed: 10186366436561416617

66719 vishdafish the Grappler (level 14, 0/216 HPs)
             Began as a Troll Transmuter on Feb 16, 2019.
             Was the Champion of Cheibriados.
             Killed by divine providence
             ... invoked by Saint Roka
              (15 damage)
             ... on level 2 of the Orcish Mines.
             The game lasted 01:20:23 (18910 turns).

vishdafish the Grappler (Troll Transmuter)         Turns: 18910, Time: 01:20:24

Health: 0/216      AC: 27    Str: 43    XL:     14   Next: 80%
Magic:  18/18      EV:  1    Int: 28    God:    Cheibriados [******]
Gold:   2256       SH:  5    Dex: 25    Spells: 3/17 levels left

rFire    . . .     SeeInvis .     - Unarmed
rCold    . . .     Gourm    +   (no shield)
rNeg     + + +     Faith    .   (armour currently unavailable)
rPois    +         Spirit   .   (helmet currently unavailable)
rElec    +         Reflect  +   (cloak currently unavailable)
rCorr    .         Harm     .   (gloves unavailable)
MR       ++...     NoTele   +   (boots unavailable)
Stlth    ++........             e - +5 amulet of reflection
HPRegen  1.26/turn              J - ring of protection from magic
MPRegen  0.16/turn              Z - ring of the Invisible Wishes {rElec EV+1 Str+7 Slay-2}

@: tree-form, very slightly contaminated, very slow
A: large, unfitting armour, fast metabolism 3, gourmand, regeneration 2
a: Bend Time, Temporal Distortion, Slouch, Step From Time, Renounce Religion


You were on level 2 of the Orcish Mines.
You worshipped Cheibriados.
Cheibriados was exalted by your worship.
You were very hungry.
You were a tree.
You visited 4 branches of the dungeon, and saw 21 of its levels.
You also visited: Sewer, Ossuary and Ice Cave.

You collected 2729 gold pieces.
You spent 473 gold pieces at shops.

Inventory:

Hand Weapons
 W - a +4 scimitar of flaming
Missiles
 p - 3 large rocks
 r - 6 tomahawks of dispersal
 H - a throwing net (quivered)
Armour
 a - a +0 cloak (melded)
 w - a +2 robe of cold resistance
 L - +0 fire dragon scales
 N - a +2 robe of magic resistance (melded)
Magical Staves
 n - an uncursed staff of conjuration
 G - an uncursed staff of earth
Jewellery
 e - a +5 amulet of reflection (around neck)
 l - an uncursed ring of fire
 m - an uncursed ring of ice
 E - an uncursed ring of protection from cold
 J - a ring of protection from magic (left branch)
 K - an uncursed ring of poison resistance
 P - an uncursed ring of magical power
 R - an uncursed amulet of the acrobat
 Y - an uncursed ring of resist corrosion
 Z - the ring of the Invisible Wishes (right branch) {rElec EV+1 Str+7 Slay-2}
   (You bought it in a shop on level 12 of the Dungeon)

   [ring of evasion]

   It affects your evasion (+1).
   It affects your strength (+7).
   It affects your accuracy and damage with ranged weapons and melee attacks
   (-2).
   It insulates you from electricity.
Wands
 b - a wand of scattershot (3)
 s - a wand of iceblast (2)
 B - a wand of digging (8)
 D - a wand of enslavement (4)
Scrolls
 i - 3 scrolls of enchant weapon
 j - 10 scrolls of remove curse
 k - 2 scrolls of amnesia
 t - 2 scrolls of fog {unknown}
 v - 3 scrolls of blinking
 y - 3 scrolls of enchant armour
 A - 4 scrolls of teleportation
 F - a scroll of silence {unknown}
 Q - a scroll of brand weapon
 S - 3 scrolls of immolation
 T - a scroll of summoning {unknown}
 V - a scroll of magic mapping
Potions
 c - 3 potions of agility
 g - 8 potions of brilliance
 h - 4 potions of haste
 o - 3 potions of flight
 q - a potion of magic
 u - a potion of berserk rage
 x - 4 potions of lignification
 z - 3 potions of resistance
 C - 3 potions of ambrosia
 O - 5 potions of curing
Comestibles
 d - 23 rations


   Skills:
 + Level 10.6 Fighting
 * Level 3.1 Throwing
 - Level 4.2 Dodging
 + Level 14.9 Unarmed Combat
 - Level 2.3 Spellcasting
 - Level 3.7 Hexes
 - Level 5.0 Charms
 - Level 7.1 Transmutations
 - Level 5.5 Ice Magic
 - Level 7.1 Invocations


You had 3 spell levels left.
You knew the following spells:

 Your Spells              Type           Power        Failure   Level  Hunger
a - Beastly Appendage     Tmut           #####.       1%          1    None
b - Tukima's Dance        Hex            ###.....     5%          3    ###....
c - Blade Hands           Tmut           #####.....   13%         5    ######.
d - Ozocubu's Armour      Chrm/Ice       ####....     3%          3    ###....
e - Passwall              Tmut/Erth      ###.....     3%          2    ##.....

Your spell library contained the following spells:

 Spells                   Type           Power        Failure   Level  Hunger
 Corona                   Hex            ###....      1%          1    None
 Freeze                   Ice            ####         1%          1    None
 Ensorcelled Hibernation  Hex/Ice        ####..       1%          2    ##.....
 Sticks to Snakes         Tmut           #####...     1%          2    ##.....
 Throw Frost              Conj/Ice       ###...       4%          2    ##.....
 Confuse                  Hex            ###.....     5%          3    ###....
 Spider Form              Tmut/Pois      ###.......   6%          3    ###....
 Magic Dart               Conj           #...         9%          1    None
 Sandblast                Erth           #.....       9%          1    None
 Dazzling Spray           Conj/Hex       ##....       12%         3    ###....
 Searing Ray              Conj           #.....       13%         2    ##.....
 Stone Arrow              Conj/Erth      #.....       26%         3    ###....
 Ice Form                 Ice/Tmut       #####...     6%          4    ####...
 Petrify                  Tmut/Erth      ###.....     21%         4    ####...
 Summon Ice Beast         Ice/Summ       ###.....     28%         4    ####...
 Throw Icicle             Conj/Ice       ###.....     28%         4    ####...
 Fulminant Prism          Conj/Hex       ##........   38%         4    ####...
 Force Lance              Conj/Tloc      #.......     65%         4    ####...
 Iskenderun's Mystic Bla  Conj           #.......     65%         4    ####...
 Iskenderun's Battlesphe  Conj/Chrm      ###.....     65%         5    ######.
 Bolt of Magma            Conj/Fire/Erth #.........   94%         5    ######.
 Lee's Rapid Deconstruct  Erth           #.........   94%         5    ######.
 Venom Bolt               Conj/Pois      #.........   94%         5    ######.
 Iron Shot                Conj/Erth      #.........   100%        6    #######
 Orb of Destruction       Conj           #.........   100%        7    #######
 Spellforged Servitor     Conj/Summ      #.........   100%        7    #######


Dungeon Overview and Level Annotations

Branches:
Dungeon (12/15)            Temple (1/1) D:5            Lair (6/6) D:8
  Swamp (0/4) Lair:3        Snake (0/4) Lair:4        Slime (0/5) Lair:5
    Orc (2/2) D:12
    Elf: Orc:2

Altars:
Ashenzari
Cheibriados
Dithmenos
Elyvilon
Fedhas
Hepliaklqana
Makhleb
Nemelex Xobeh
Qazlal
Ru
Trog
Uskayaw
Vehumet
Xom
Yredelemnul
Zin
The Shining One
Beogh
Jiyva

Shops:
D:4 [   D:8 }   D:9 *   D:12 *   Orc:1 *

Annotations:
Orc:2 Saint Roka


Innate Abilities, Weirdness & Mutations

You are too large for most types of armour.
((You have claws for hands.))
Your metabolism is lightning-fast.
You like to eat raw meat.
You heal very quickly.
((You are covered in fur. (AC +1)))
((You have extremely tough skin. (AC +3)))
((You can translocate small distances at will.))
((Armour fits poorly on your strangely shaped body.))


Message History

You feel better.
Throwing (i - inventory. (/) - cycle)
H - 2 throwing nets
Press: ? - help, Shift-Dir - straight line, f - Saint Roka
Aim: Saint Roka, wielding a +3 great mace and wearing a +1 chain mail of fire resistance (moderately wounded)
You throw a throwing net. The throwing net hits Saint Roka.
Saint Roka is caught in the net!
Saint Roka is moderately wounded.
Saint Roka calls down the wrath of Beogh upon you.
Beogh smites you!
* * * LOW HITPOINT WARNING * * *
Saint Roka struggles against the net.
You hit Saint Roka but do no damage.
Saint Roka is moderately wounded.
You smack Saint Roka!
Saint Roka is moderately wounded.
You smack Saint Roka!
You punch Saint Roka!
Saint Roka is heavily wounded.
Saint Roka mumbles some strange prayers to Beogh against you.
Beogh smites you!
You die...

........###### o....(...o.
.........# .........#
.))##...#### ...(..o.
...###...#.## #o(...#
.<####......# #.(...#
..###.......## #o(...#
...#...##....## ####8)..8###
.......#.##...#######..#o)...#.#
...#.......#...#♣#)))..[))..#.##
...#............o.#..))......#.##
#........#......)###............#
.........##.(....##..............
......).).....#....#.............
#....#)#).#..#...................
...#.............#..........#....
......)...#......###.............
........[.........###............


You could see Saint Roka (caught).

Vanquished Creatures
  A frost giant (IceCv)
  A stone giant (Orc:1)
  A fire dragon (Lair:6)
  6 hydras
  Harold (D:8)
  A catoblepas (Lair:5)
  An ice dragon (Lair:5)
  Erica (D:11)
  3 death yaks (IceCv)
  4 two-headed ogres
  An orc high priest (Orc:2)
  Urug (Lair:3)
  Nergalle (Orc:2)
  An unseen horror (D:10)
  A lindwurm (Lair:6)
  2 orc knights (Orc:2)
  4 orc sorcerers
  An oklob plant (Lair:5)
  A cyclops (Orc:1)
  2 manticores (D:11)
  10 black mambas
  An ice statue (IceCv)
  3 molten gargoyles (Lair:6)
  11 elephants (Lair:5)
  Joseph (D:8)
  2 centaur skeletons (D:10)
  Psyche (D:12)
  A spiny frog (Lair:4)
  A rime drake (Lair:5)
  10 komodo dragons
  2 ice devils (Orc:1)
  2 trolls (D:9)
  17 polar bears
  Prince Ribbit (D:9)
  7 hippogriffs
  3 blink frogs (Lair:3)
  6 dream sheep (Lair:5)
  A wraith (D:11)
  4 wyverns
  50 yaks
  Grum (D:8)
  4 vampire mosquitoes (D:12)
  3 basilisks
  A hungry ghost (D:12)
  A steam dragon (Lair:6)
  2 wargs (Orc:2)
  A naga (Lair:4)
  A hydra simulacrum (Lair:5)
  3 hell hounds (Lair:6)
  9 water moccasins
  8 porcupines
  Duvessa (D:4)
  2 ice beasts
  6 sky beasts
  25 orc warriors
  5 phantoms
  12 ogres
  2 black bears
  38 wolves
  5 centaurs
  2 big kobolds
  10 crocodiles
  Blork the orc (D:3)
  14 bullfrogs
  A spiny frog simulacrum (Lair:5)
  Dowan (D:4)
  A wyvern skeleton (D:9)
  A water moccasin zombie (Ossuary)
  3 scorpions
  6 killer bees
  2 troll zombies (D:12)
  4 electric eels (Lair:1)
  3 howler monkeys (D:7)
  4 crimson imps
  5 lava snakes (Lair:6)
  A centaur zombie (D:12)
  2 komodo dragon simulacra (Lair:5)
  A bullfrog skeleton (D:5)
  A bullfrog zombie (D:9)
  A hound (D:10)
  12 orc priests
  5 jellies
  25 orc wizards
  5 worker ants
  2 iguanas
  5 hell rats (Lair:4)
  6 big kobold zombies (Ossuary)
  4 ogre zombies (D:12)
  A hound skeleton (D:6)
  2 mummies (Ossuary)
  2 worker ant zombies
  Robin (D:3)
  11 adders
  13 gnolls
  A howler monkey skeleton (D:11)
  9 river rats
  6 shadow imps
  An ooze (D:1)
  3 adder zombies (Ossuary)
  2 adder skeletons
  4 worms
  3 dart slugs
  3 leopard geckos
  75 orcs
  A giant cockroach (D:1)
  4 gnoll zombies (Ossuary)
  19 goblins
  13 hobgoblins
  19 jackals
  5 quokkas
  2 ball pythons (D:3)
  4 bats
  6 frilled lizards
  2 goblin skeletons (D:12)
  2 goblin zombies (D:12)
  2 hobgoblin skeletons (D:12)
  3 hobgoblin zombies (Ossuary)
  14 kobolds
  7 kobold zombies (Ossuary)
  A leopard gecko skeleton (D:5)
  An orc skeleton (D:12)
  14 orc zombies
  2 quokka zombies
  13 rats
  2 fungi
  6 plants (D:10)
706 creatures vanquished.

Vanquished Creatures (collateral kills)
  The ghost of Lanoc the Blocker, a journeyman GnFi of Nemelex Xobeh (Lair:5)
  2 rime drakes (Lair:5)
3 creatures vanquished.

Vanquished Creatures (others)
  A black mamba simulacrum (Lair:5)
  A wolf (IceCv)
  A torpor snail simulacrum (Lair:5)
  A gnoll (D:8)
  An orc (Orc:1)
  17 fungi
  12 plants
34 creatures vanquished.

Grand Total: 743 creatures vanquished

Notes
Turn   | Place    | Note
-------+----------+-------------------------------------------
     0 | D:1      | vishdafish the Troll Transmuter began the quest for the
                  | Orb.
     0 | D:1      | Reached XP level 1. HP: 18/18 MP: 1/1
    35 | D:1      | Reached skill level 1 in Fighting
    53 | D:1      | Reached XP level 2. HP: 27/27 MP: 3/3
   271 | D:1      | Found a glowing golden altar of the Shining One.
   334 | D:1      | Reached XP level 3. HP: 33/33 MP: 4/4
   824 | D:2      | Reached XP level 4. HP: 30/41 MP: 5/5
   909 | D:2      | Reached skill level 4 in Unarmed Combat
  1315 | D:3      | Reached XP level 5. HP: 36/49 MP: 6/6
  1352 | D:3      | Found a radiant altar of Vehumet.
  1363 | D:3      | Noticed a sky beast
  1432 | D:3      | Killed a sky beast
  1576 | D:3      | Found a glowing drain.
  1594 | Sewer    | Entered a sewer
  1657 | Sewer    | Reached XP level 6. HP: 57/57 MP: 8/8
  1698 | Sewer    | Found a white marble altar of Elyvilon.
  2054 | D:4      | Noticed Duvessa
  2054 | D:4      | Noticed Dowan
  2213 | D:4      | Found Jiudol's Antique Armour Shop.
  2266 | D:4      | Noticed Robin
  2278 | D:4      | Noticed Blork the orc
  2302 | D:3      | Killed Blork the orc
  2302 | D:3      | Reached skill level 5 in Unarmed Combat
  2395 | D:3      | Killed Robin
  2425 | D:4      | Killed Duvessa
  2425 | D:4      | Reached XP level 7. HP: 40/66 MP: 9/9
  2505 | D:4      | Killed Dowan
  2783 | D:5      | Entered Level 5 of the Dungeon
  2798 | D:5      | Found a shattered altar of Ashenzari.
  2919 | D:5      | Reached skill level 6 in Unarmed Combat
  3027 | D:5      | Found a staircase to the Ecumenical Temple.
  3037 | Temple   | Entered the Ecumenical Temple
  3040 | Temple   | Reached XP level 8. HP: 73/75 MP: 10/10
  3136 | Temple   | Became a worshipper of Cheibriados the Contemplative
  3456 | D:6      | Found a snail-covered altar of Cheibriados.
  3512 | D:6      | Reached skill level 7 in Unarmed Combat
  3693 | D:6      | Found a hazy altar of Hepliaklqana.
  3786 | D:6      | Reached * piety under Cheibriados
  3814 | D:6      | Found a blossoming altar of Fedhas.
  3995 | D:7      | Found a sparkling altar of Nemelex Xobeh.
  4009 | D:7      | Reached XP level 9. HP: 31/84 MP: 7/11
  4014 | D:7      | Reached skill level 8 in Unarmed Combat
  4059 | D:7      | Reached skill level 1 in Invocations
  4293 | D:7      | Found a stormy altar of Qazlal.
  4427 | D:8      | Found a sacrificial altar of Ru.
  4430 | D:8      | Reached ** piety under Cheibriados
  4452 | D:8      | Noticed Grum
  4465 | D:8      | Killed Grum
  4633 | D:8      | Found Xaricwug's Gadget Shoppe.
  4645 | D:8      | Found a sand-covered staircase.
  4654 | Ossuary  | Entered an ossuary
  4703 | Ossuary  | Reached skill level 9 in Unarmed Combat
  4724 | Ossuary  | Reached *** piety under Cheibriados
  4753 | Ossuary  | Reached skill level 5 in Fighting
  4883 | D:8      | Noticed Joseph
  4900 | D:8      | Killed Joseph
  4999 | D:8      | Noticed Harold
  5097 | D:8      | Found a basalt altar of Yredelemnul.
  5167 | D:8      | Reached XP level 10. HP: 67/96 MP: 12/12
  5421 | D:8      | Found a staircase to the Lair.
  5446 | D:8      | Killed Harold
  5446 | D:8      | Reached skill level 5 in Invocations
  5770 | D:8      | Learned a level 3 spell: Tukima's Dance
  5773 | D:9      | Reached skill level 10 in Unarmed Combat
  5847 | D:9      | Found a hide-covered altar of Uskayaw.
  5850 | D:9      | Reached **** piety under Cheibriados
  5923 | D:9      | Found Ukag's General Store.
  5944 | D:9      | Bought a potion of might for 44 gold pieces
  5944 | D:9      | Bought a potion of heal wounds for 55 gold pieces
  5944 | D:9      | Bought a potion of brilliance for 44 gold pieces
  5944 | D:9      | Bought a scroll of identify for 22 gold pieces
  6363 | D:9      | Reached skill level 1 in Hexes
  6444 | D:9      | Found a white marble altar of Elyvilon.
  6552 | D:9      | Noticed Prince Ribbit
  6562 | D:9      | Killed Prince Ribbit
  6984 | D:10     | Entered Level 10 of the Dungeon
  7014 | D:10     | Killed an unseen horror
  7107 | D:10     | Reached ***** piety under Cheibriados
  7147 | D:10     | Got a jewelled great sword
  7148 | D:10     | Identified the +9 great sword of Bapeadgh {venom, Int+4}
                  | (You found it on level 10 of the Dungeon)
  7192 | D:10     | Reached skill level 11 in Unarmed Combat
  7192 | D:10     | Reached XP level 11. HP: 98/106 MP: 11/13
  7247 | D:10     | Noticed a two-headed ogre
  7259 | D:10     | Killed a two-headed ogre
  7259 | D:10     | Reached skill level 5 in Transmutations
  7287 | D:10     | Noticed a two-headed ogre
  7294 | D:10     | Killed a two-headed ogre
  7534 | D:10     | Noticed a two-headed ogre
  7540 | D:10     | Killed a two-headed ogre
  7843 | D:10     | Learned a level 5 spell: Blade Hands
  7847 | D:10     | Learned a level 3 spell: Ozocubu's Armour
  8132 | D:11     | Reached skill level 12 in Unarmed Combat
  8364 | D:11     | Noticed Erica
  8373 | D:11     | Killed Erica
  8742 | D:12     | Noticed Psyche
  8747 | D:12     | Killed Psyche
  8863 | D:12     | Reached ****** piety under Cheibriados
  9108 | D:12     | Gained mutation: Armour fits poorly on your strangely
                  | shaped body. [potion of mutation]
  9108 | D:12     | Gained mutation: You can translocate small distances at
                  | will. [potion of mutation]
  9108 | D:12     | Gained mutation: You heal very quickly. [potion of
                  | mutation]
  9143 | D:12     | Found a staircase to the Orcish Mines.
  9215 | D:12     | Found Esosch's Assorted Antiques.
  9226 | D:12     | Bought a scroll of identify for 56 gold pieces
  9226 | D:12     | Bought a heavily runed pewter ring for 140 gold pieces
  9227 | D:12     | Identified the ring of the Invisible Wishes {rElec EV+1
                  | Str+7 Slay-2} (You bought it in a shop on level 12 of the
                  | Dungeon)
  9382 | D:12     | Reached XP level 12. HP: 118/118 MP: 14/14
  9708 | Lair:1   | Entered Level 1 of the Lair of Beasts
 10709 | Lair:2   | Noticed a seven-headed hydra
 10714 | Lair:2   | Killed a seven-headed hydra
 10714 | Lair:2   | Reached skill level 1 in Charms
 10714 | Lair:2   | Reached skill level 1 in Ice Magic
 10903 | Lair:2   | Noticed a six-headed hydra
 10915 | Lair:2   | Killed a six-headed hydra
 11572 | Lair:3   | Noticed Urug
 11606 | Lair:3   | Killed Urug
 11606 | Lair:3   | Reached skill level 13 in Unarmed Combat
 11678 | Lair:3   | Found a staircase to the Swamp.
 12663 | Lair:4   | Found a staircase to the Snake Pit.
 13011 | Lair:4   | Noticed a five-headed hydra
 13021 | Lair:4   | Killed a one-headed hydra
 13021 | Lair:4   | Reached XP level 13. HP: 81/128 MP: 17/17
 13409 | Lair:4   | Learned a level 2 spell: Passwall
 13474 | Lair:5   | Found a runed translucent gate.
 13474 | Lair:5   | Found a runed translucent gate.
 13474 | Lair:5   | Found a runed translucent gate.
 13535 | Lair:5   | Noticed Lanoc's ghost (journeyman GnFi)
 13544 | Lair:5   | Killed Lanoc's ghost
 14441 | Lair:5   | Found a staircase to the Slime Pits.
 14441 | Lair:5   | Found a viscous altar of Jiyva.
 14810 | Lair:6   | Entered Level 6 of the Lair of Beasts
 14812 | Lair:6   | Found the +8 demon blade "Bloodbane" {slice, *Rage +Rage
                  | Stlth-}
 15004 | Lair:6   | Reached skill level 5 in Ice Magic
 15324 | Lair:6   | Reached skill level 14 in Unarmed Combat
 15778 | Lair:6   | Reached XP level 14. HP: 140/140 MP: 18/18
 15781 | Lair:6   | Found a large runed translucent door.
 15813 | Lair:6   | Reached skill level 5 in Charms
 15850 | Lair:6   | Found a large runed translucent door.
 16485 | Orc:1    | Entered Level 1 of the Orcish Mines
 16781 | Orc:1    | Found Mauginut's General Store.
 16789 | Orc:1    | Bought a potion of invisibility for 112 gold pieces
 16794 | Orc:1    | Found a frozen archway.
 16821 | IceCv    | Entered an ice cave
 17252 | IceCv    | Reached skill level 10 in Fighting
 17547 | IceCv    | Noticed a frost giant
 17569 | IceCv    | Killed a frost giant
 18099 | Orc:1    | Noticed a stone giant
 18113 | Orc:1    | Killed a stone giant
 18334 | Orc:2    | Entered Level 2 of the Orcish Mines
 18367 | Orc:2    | Reached skill level 1 in Throwing
 18392 | Orc:2    | Found a roughly hewn altar of Beogh.
 18587 | Orc:2    | Noticed Saint Roka
 18878 | Orc:2    | Noticed Nergalle
 18884 | Orc:2    | Killed Nergalle
 18910 | Orc:2    | Killed from afar by Saint Roka

Skill      XL: |  1  2  3  4  5  6  7  8  9 10 11 12 13 14 |
---------------+-------------------------------------------+-----
Fighting       | 1 2 3 4 5 6 7 8 9 10 | 10.6
Dodging        | 2 3 4 |  4.2
Unarmed Combat | 4 5 6 7 9 11 12 13 14 | 14.9
Transmutations | 2 3 4 6 7 |  7.1
Spellcasting   | 2 |  2.3
Invocations    | 4 5 6 7 |  7.1
Hexes          | 2 3 |  3.7
Charms         | 3 4 5 |  5.0
Ice Magic      | 3 5 |  5.5
Throwing       | 3 |  3.1

Action                   |  1- 3 |  4- 6 |  7- 9 | 10-12 | 13-15 || total
-------------------------+-------+-------+-------+-------+-------++-------
Melee: Unarmed           |    93 |   222 |   369 |   600 |   646 ||  1930
       Punch             |       |     2 |    13 |    48 |    78 ||   141
       Headbutt          |       |       |     2 |       |       ||     2
       Scimitar          |       |       |       |     4 |     8 ||    12
Throw: Throwing net      |       |       |     2 |     1 |     4 ||     7
       Large rock        |       |       |       |       |    20 ||    20
 Cast: Beastly Appendage |       |       |     2 |       |       ||     2
       Tukima's Dance    |       |       |       |     2 |       ||     2
       Ozocubu's Armour  |       |       |       |     1 |     4 ||     5
       Passwall          |       |       |       |       |     1 ||     1
Invok: Bend Time         |       |       |     1 |       |       ||     1
 Abil: Blink             |       |       |       |     3 |     4 ||     7
Evoke: Wand              |       |       |     4 |    48 |    31 ||    83
  Use: Scroll            |       |    10 |     6 |    13 |     8 ||    37
       Potion            |       |     3 |     5 |     1 |    10 ||    19
 Stab: Sleeping          |       |     1 |     3 |    13 |       ||    17
       Invisible         |       |       |     6 |       |     8 ||    14
       Held in net/web   |       |       |     1 |       |       ||     1
       Distracted        |       |       |       |     2 |     2 ||     4
       Betrayed ally     |       |       |       |       |     1 ||     1
  Eat: Chunk             |     8 |     9 |    14 |    48 |    30 ||   109
       Ration            |       |     1 |     2 |     3 |     3 ||     9
Armor: Robe              |    38 |    74 |   119 |   161 |   124 ||   516
       Skin              |       |       |       |       |     1 ||     1
Dodge: Dodged            |    47 |   110 |   185 |   342 |   432 ||  1116
Block: Other             |       |       |       |    15 |   129 ||   144
       Reflection        |       |       |       |       |     5 ||     5
       Rpst.: Scimitar   |       |       |       |       |     3 ||     3
